 Dungeon Crawl Stone Soup version 0.32-a0-656-g3542139ebd (webtiles) character file.

Game seed: 5217828475128364448

2375 seren the Cudgeller (level 9, 0/90 (103) HPs)
             Began as a Demonspawn Fighter on Mar 8, 2024.
             Was an Initiate of Beogh.
             Slain by a wolf (2 damage)
             ... led by Grum
             ... while paralysed by a hornet
             ... on level 7 of the Dungeon.
             The game lasted 00:16:50 (6500 turns).

seren the Cudgeller (Demonspawn Fighter)            Turns: 6500, Time: 00:16:50

HP:   0/90 (103)    AC: 24    Str: 19    XL:     9   Next: 21%
MP:   9/9           EV:  2    Int:  8    God:    Beogh [......]
Gold: 174           SH:  0    Dex: 21    Spells: 8/8 levels left

rFire   . . .        a - +0 flail
rCold   . . .        c - +0 buckler
rNeg    . . .        n - melded +3 ring mail
rPois   +            k - melded +2 hat
rElec   .            (cloak currently unavailable)
rCorr   .            (gloves currently unavailable)
SInv    .            (boots currently unavailable)
Will    .....        (no amulet)
Stlth   ++           w - +6 ring of dexterity
HPRegen 0.35/turn    (no ring)
MPRegen 0.11/turn

%: no passive effects
@: paralysed, lethally poisoned (0 -> -4), tree-form, slowed, heavily drained
A: stationary, stasis, torment immunity, boosted hp, demonic guardian 1, ignite
blood 3, (sturdy frame 1), (weakness stinger 1)
a: Renounce Religion


You were on level 7 of the Dungeon.
You worshipped Beogh.
Beogh was noncommittal.
You were a tree.
You visited 2 branches of the dungeon, and saw 9 of its levels.

You collected 262 gold pieces.
You spent 88 gold pieces at shops.

Inventory:

Hand Weapons
 a - a +0 flail (weapon)
 t - a +0 whip
Missiles
 q - 2 poisoned darts (quivered)
 r - 6 atropa-tipped darts
Armour
 c - a +0 buckler (worn)
 k - a +2 hat (melded)
 n - a +3 ring mail (melded)
Magical Staves
 u - a staff of alchemy
Jewellery
 w - a +6 ring of dexterity (left branch)
 A - an amulet of faith
Wands
 C - a wand of roots (10)
Scrolls
 b - a scroll of revelation
 f - 3 scrolls of teleportation {!r}
 h - 7 scrolls of identify
 j - a scroll of torment {unknown}
 o - 2 scrolls of immolation
 v - a scroll of butterflies {unknown}
 y - a scroll of fog {unknown}
 B - a scroll of blinking {unknown}
Potions
 d - 2 potions of might
 e - a potion of attraction {unknown}
 g - a potion of curing
 i - 2 potions of mutation {!q}
 m - a potion of degeneration {unknown}
 p - a potion of ambrosia {unknown}
 s - a potion of haste {unknown}
 x - a potion of invisibility {unknown}
 z - a potion of heal wounds


   Skills:
 + Level 6.0 Fighting
 * Level 6.8 Maces & Flails
 + Level 5.4 Armour
 + Level 2.4 Dodging
 + Level 5.4 Shields
 + Level 1.2 Invocations
 * Level 2.9 Evocations


You had 8 spell levels left.
You didn't know any spells.
Your spell library contained the following spells:

 Spells                   Type           Power      Damage    Failure   Level
 Apportation              Tloc           0%         N/A       47%         1
 Jinxbite                 Hex            0%         N/A       63%         2
 Alistair's Intoxication  Alch           0%         N/A       100%        5


Dungeon Overview and Level Annotations

Branches:
Dungeon (8/15)             Temple (1/1) D:5
   Lair: D:8-11

Altars:
Ashenzari
Cheibriados
Dithmenos
Fedhas
Gozag
Hepliaklqana
Kikubaaqudgha
Makhleb
Nemelex Xobeh
Okawaru
Qazlal
Ru
Sif Muna
Trog
Uskayaw
Vehumet
Wu Jian
Xom
Yredelemnul

Shops:
D:5 !

Annotations:
D:7 Jeremiah
D:8 Grum
Temple 2 transporters


Innate Abilities, Weirdness & Mutations

You are a tree.
Your roots penetrate the ground, keeping you stationary.
You cannot be teleported.
You are immune to unholy pain and torment.
Your maximum health is greatly increased.
Your equipment is partially melded.
A weak demonic guardian rushes to your aid.
Your demonic aura causes all spilled blood to erupt in flames.
((Your movements are slightly less encumbered by armour. (ER -2)))
((You have a small tail.))


Message History

You block the hornet's attack. The wolf bites you but does no damage.
Your ufetubus hits the hornet but does no damage.
Your ufetubus misses the hornet.
You feel better.
Your ufetubus disappears in a puff of smoke!
The wolf closely misses you. The hornet stings you!
* * * LOW HITPOINT WARNING * * *
You are poisoned.
You feel as though you will be slow longer.
The wolf bites you.
* * * LOW HITPOINT WARNING * * *
The hornet stings you but does no damage.
The wolf bites you.
* * * LOW HITPOINT WARNING * * *
The hornet misses you.
You turn into a tree.
Your +2 hat melds into your body.
Your +3 ring mail melds into your body.
Your roots penetrate the ground.
You feel very sick. The wolf bites you but does no damage.
The hornet stings you!
* * * LOW HITPOINT WARNING * * *
A demonic guardian appears!
You suddenly lose the ability to move!
The wolf bites you but does no damage. The hornet stings you!
* * * LOW HITPOINT WARNING * * *
* * * LOW HITPOINT WARNING * * *
You feel sick. The wolf bites you.
* * * LOW HITPOINT WARNING * * *
The hornet stings you but does no damage.
The wolf barely misses you.
Your quasit misses the hornet.
Your quasit claws the hornet but does no damage.
Your quasit closely misses the hornet.
* * * LOW HITPOINT WARNING * * *
You feel sick.
The hornet stings you but does no damage.
The wolf bites you but does no damage.
Your quasit closely misses the hornet.
Your quasit claws the hornet.
Your quasit closely misses the hornet.
The hornet stings you.
* * * LOW HITPOINT WARNING * * *
A demonic guardian appears!
You shrug off the repeated paralysis!
The wolf bites you.
You die...

################
...............#
##############.#
##########.##
#####...........#
...##.########..#
##.##.#.........#
##.##.#.#####..5##
...............y♣#
...##.#.#####..h5#
...##.#.#####....#
......#.##.......#
...####.##.####..#
...# #.##.#..#..#
...# #.......#..#
...# #..#.##.#..#
##.# #..#..#.#..#


You could see a hornet (ally target), a wolf, a friendly quasit (summoned) and a
friendly shadow imp (summoned).

Vanquished Creatures
  2 water moccasins
  An ice beast (D:6)
  A wolf (D:6)
  2 centaurs
  A phantom (D:6)
  6 wights
  5 scorpions
  3 killer bees (D:7)
  A howler monkey (D:4)
  4 bombardier beetles
  A jelly (D:4)
  An orc priest (D:7)
  5 hounds
  7 iguanas
  6 orc wizards
  Robin (D:3)
  7 adders
  2 shadow imps
  4 ufetubi (D:6)
  3 dart slugs
  6 ribbon worms
  32 orcs
  9 ball pythons
  4 bats
  13 endoplasms
  15 goblins
  5 hobgoblins
  10 jackals
  5 kobolds
  7 quokkas
  2 frilled lizards
  3 rats
174 creatures vanquished.

Vanquished Creatures (collateral kills)
  A bombardier beetle (D:4)
  A ball python (D:3)
  A goblin (D:3)
3 creatures vanquished.

Grand Total: 177 creatures vanquished

Notes
Turn   | Place    | Note
-------+----------+-------------------------------------------
     0 | D:1      | seren the Demonspawn Fighter began the quest for the Orb.
     0 | D:1      | Reached XP level 1. HP: 18/18 MP: 1/1
    96 | D:1      | Gained mutation: Your demonic aura sometimes causes spilled
                  | blood to erupt in flames. [demonic ancestry]
    96 | D:1      | Reached XP level 2. HP: 24/24 MP: 2/2
   290 | D:1      | Gained mutation: A weak demonic guardian rushes to your
                  | aid. [demonic ancestry]
   290 | D:1      | Reached XP level 3. HP: 28/29 MP: 3/3
   452 | D:1      | Found a faded altar of an unknown god.
   590 | D:2      | Found a snail-covered altar of Cheibriados.
   961 | D:2      | Gained mutation: You have a small tail. [demonic ancestry]
   961 | D:2      | Reached XP level 4. HP: 34/35 MP: 4/4
  1642 | D:3      | Noticed Robin
  1676 | D:3      | Killed Robin
  1893 | D:3      | Gained mutation: Your movements are slightly less
                  | encumbered by armour. (ER -2) [demonic ancestry]
  1893 | D:3      | Reached XP level 5. HP: 42/42 MP: 5/5
  2250 | D:3      | Found a burning altar of Makhleb.
  2369 | D:4      | Gained mutation: Your demonic aura often causes spilled
                  | blood to erupt in flames. [demonic ancestry]
  2369 | D:4      | Reached XP level 6. HP: 45/48 MP: 6/6
  2442 | D:4      | You fall into a shaft and drop 2 floors!
  2608 | D:6      | Noticed a water moccasin
  2614 | D:5      | Entered Level 5 of the Dungeon
  2633 | D:5      | Reached XP level 7. HP: 41/55 MP: 7/7
  2747 | D:5      | Found a stormy altar of Qazlal.
  2747 | D:5      | Found a shimmering altar of Xom.
  2747 | D:5      | Found a snail-covered altar of Cheibriados.
  2906 | D:4      | Identified the +1 dagger "Jixt" {freeze, rC+ rN+}
  2937 | D:4      | Reached skill level 5 in Maces & Flails
  3078 | D:4      | Found a sparkling altar of Nemelex Xobeh.
  3105 | D:4      | Reached skill level 5 in Fighting
  3643 | D:4      | Gained mutation: Your demonic aura causes all spilled blood
                  | to erupt in flames. [demonic ancestry]
  3643 | D:4      | Reached XP level 8. HP: 59/62 MP: 8/8
  4052 | D:5      | Found Dithraoho's Distillery.
  4073 | D:5      | Bought a potion of heal wounds for 55 gold pieces
  4073 | D:5      | Bought a potion of lignification for 33 gold pieces
  4220 | D:5      | Found a staircase to the Ecumenical Temple.
  4233 | Temple   | Found a transporter.
  4233 | Temple   | Found a transporter.
  4233 | Temple   | Found a transporter.
  4233 | Temple   | Found a transporter.
  4233 | Temple   | Entered the Ecumenical Temple
  4429 | D:6      | Reached skill level 1 in Dodging
  4429 | D:6      | Reached skill level 1 in Evocations
  4582 | D:6      | Reached skill level 5 in Armour
  4615 | D:6      | Reached skill level 5 in Shields
  4619 | D:6      | Became a worshipper of Beogh the Shepherd
  5421 | D:7      | Noticed Jeremiah
  5593 | D:7      | Reached XP level 9. HP: 69/69 MP: 9/9
  6285 | D:8      | Noticed Grum
  6323 | D:6      | Reached skill level 1 in Invocations
  6498 | D:7      | Paralysed by a hornet for 3 turns
  6500 | D:7      | HP: 3/90 [poisoned by a hornet]
  6500 | D:7      | Slain by a wolf

Illustrated notes

Levels and vault maps discovered:
D:1:      sevenhm_arrival_forest_fort_small_1, layout_rooms,
          shapermc_ecumenical_altar_hornbeckon
D:2:      layout_basic, serial_rivers, chequers_serial_rivers_small_b,
          chequers_serial_rivers_large_a, chequers_serial_rivers_small_3,
          chequers_serial_rivers_small_3, chequers_serial_rivers_small_a,
          chequers_serial_rivers_micro_e, basic_altar,
          dreamdust_mushroom_princess
D:3:      layout_basic, lightli_temple_of_fire, uniq_robin
D:4:      layout_gridville, grunt_decor_mini_mirrors, kennysheep_diamond,
          minmay_circle_x
D:5:      layout_cave_pools, grunt_temple_overflow_open, temple_green,
          serial_shops, shop, chequers_big_river, minmay_misc_feat_square,
          minmay_misc_feat_tower
D:6:      layout_cave_pools, mainiacjoe_sewer_entry_somewhere_in_here_2
D:7:      layout_basic, uniq_jeremiah
D:8:      minmay_clustersquares, layout_gridville, enter_bailey_2, uniq_grum
Temple:   hellmonk_temple_divided_pantheon

Skill      XL: |  1  2  3  4  5  6  7  8  9 |
---------------+----------------------------+-----
Maces & Flails | 2 3 4 5 6 |  6.8
Armour         | 3 4 5 |  5.4
Shields        | 3 4 5 |  5.4
Fighting       | 4 5 6 |  6.0
Dodging        | 2 |  2.4
Evocations     | 2 |  2.9
Invocations    | 1 |  1.2

Action                     |  1- 3 |  4- 6 |  7- 9 || total
---------------------------+-------+-------+-------++-------
  Melee: Flail             |   142 |   159 |   293 ||   594
         Tailslap          |       |    19 |    45 ||    64
 Invoke: Convert to Beogh  |       |       |     1 ||     1
    Use: Potion            |       |     1 |     4 ||     5
         Scroll            |       |       |     6 ||     6
 Armour: Scale mail        |   118 |    79 |       ||   197
         Ring mail         |       |    54 |   211 ||   265
         Skin              |       |       |    55 ||    55
  Dodge: Dodged            |    83 |   107 |   148 ||   338
  Block: Buckler           |    38 |    51 |   120 ||   209

Table legend: (Time is in decaauts)
 A = Elapsed time spent in this place.
 B = Non-inter-level travel time spent in this place.
 C = Inter-level travel time spent in this place.
 D = Time resting spent in this place.
 E = Time spent auto-exploring this place.
 F = Levels seen in this place.
 G = Mean time per level.
                   A        B        C        D        E       F      G
               +--------+--------+--------+--------+--------+-----+--------+
         Total |   6691 |   6463 |    228 |   1097 |   3552 |   9 |  743.4 |
       Dungeon |   6690 |   6462 |    228 |   1097 |   3552 |   8 |  836.2 |
        Temple |      1 |      1 |      0 |      0 |      0 |   1 |    1.0 |
               +--------+--------+--------+--------+--------+-----+--------+

Top non-repeatable levels by time:
     D:7: 1279 daAuts
     D:4: 1049 daAuts
     D:2: 967 daAuts
     D:5: 892 daAuts
     D:6: 888 daAuts
     D:3: 834 daAuts
     D:1: 595 daAuts
     D:8: 182 daAuts
  Temple: 1 daAuts
